 Dungeon Crawl Stone Soup version 0.31-a0-844-gdc52ec4 (webtiles) character file.

Game seed: 10311523235893112849

13036 BarneyGumball the Destroyer (level 11, -1/83 HPs)
             Began as a Demonspawn Conjurer on Sept 29, 2023.
             Was a Believer of Ashenzari.
             Slain by a sun demon (12 damage)
             ... in a Gauntlet.
             The game lasted 00:47:07 (12157 turns).

BarneyGumball the Destroyer (Demonspawn Conjurer)  Turns: 12157, Time: 00:47:08

Health: -1/83      AC: 13    Str: 11    XL:     11   Next: 70%
Magic:  5/19       EV: 15    Int: 23    God:    Ashenzari [**....]
Gold:   340        SH:  0    Dex: 16    Spells: 7/21 levels left

rFire   + . .        C - +7 dagger "Tunediet" {chaos, rPois rN+ Str+4}
rCold   + + .        (no shield)
rNeg    + . .        I - +1 robe of Boxefrad {rPois rC++ Dex+3}
rPois   +            (no helmet)
rElec   .            a - +2 cloak "Chained Absolutism" {Alch, Comp} (curse)
rCorr   +            D - +1 pair of gloves of Supernal Wisdom {Comp, Melee} (curse)
SInv    +            r - +1 pair of boots {rampage}
Will    .....        n - amulet "Omniscient Affliction" {RegenMP, Comp, Elem} (curse)
Stlth   ++           u - ring of the Wereyak {rF+ rCorr}
HPRegen 0.33/turn    E - ring of Desmomancy {Wiz, Comp, Range} (curse)
MPRegen 0.56/turn

%: no teleportation, rampage, wizardry (x1)
@: no status effects
A: hooves 1, icy blue scales 2, demonic magic 1
a: Renounce Religion, Shatter the Chains


You were in a Gauntlet.
You worshipped Ashenzari.
Ashenzari was pleased with you.
You visited 2 branches of the dungeon, and saw 12 of its levels.
You also visited: Gauntlet.

You collected 520 gold pieces.
You spent 180 gold pieces at shops.

Inventory:

Hand Weapons
 C - the +7 dagger "Tunediet" (weapon) {chaos, rPois rN+ Str+4}
   (You found it on level 8 of the Dungeon)

   Str+4:     It affects your strength (+4).
   rPois:     It protects you from poison rN+: It protects you from negative
   energy.
Missiles
 j - 5 javelins
 s - a throwing net
Armour
 a - the cursed +2 cloak "Chained Absolutism" (worn) {Alch, Comp}
   (You bought it in a shop on level 9 of the Dungeon)

   It has a curse which improves the following skills: Alchemy: Poison Magic and
   Transmutations.
   Companions: Summonings and Necromancy.
 q - a +3 ring mail of willpower
 r - a +1 pair of boots of rampaging (worn)
 D - the cursed +1 pair of gloves of Supernal Wisdom (worn) {Comp, Melee}
   (You found it on level 10 of the Dungeon)

   It has a curse which improves the following skills: Companions: Summonings
   and Necromancy.
   Melee Combat: Short Blades, Long Blades, Axes, Maces & Flails, Polearms,
   Staves and Unarmed Combat.
 I - the +1 robe of Boxefrad (worn) {rPois rC++ Dex+3}
   (You found it on level 10 of the Dungeon)

   Dex+3:     It affects your dexterity (+3).
   rC++:      It greatly protects you from cold.
   rPois:     It protects you from poison
Magical Staves
 J - a staff of death
Jewellery
 n - the cursed amulet "Omniscient Affliction" (around neck) {RegenMP, Comp, Elem}
   (You found it on level 3 of the Dungeon)

   [amulet of magic regeneration]

   RegenMP:   It increases your rate of magic regeneration.
   It has a curse which improves the following skills: Companions: Summonings
   and Necromancy.
   Elements:  Fire Magic, Ice Magic, Air Magic and Earth Magic.
 p - a ring of ice
 u - the ring of the Wereyak (left hand) {rF+ rCorr}
   (You acquired it on level 6 of the Dungeon)

   [ring of resist corrosion]

   rF+:       It protects you from fire.
   rCorr:     It protects you from acid and corrosion.
 B - a ring of fire
 E - the cursed ring of Desmomancy (right hand) {Wiz, Comp, Range}
   (You found it on level 10 of the Dungeon)

   [ring of wizardry]

   Wiz:       It improves your spell success rate.
   It has a curse which improves the following skills: Companions: Summonings
   and Necromancy.
   Ranged Combat: Ranged Weapons and Throwing.
Wands
 f - a wand of quicksilver (9)
 t - a wand of paralysis (4)
 y - a wand of flame (9)
 H - a wand of iceblast (3)
Scrolls
 h - 4 scrolls of fog
 i - 2 scrolls of enchant weapon
 m - 4 scrolls of poison
 v - a scroll of enchant armour
 w - a scroll of immolation
 x - 2 scrolls of revelation
 F - a scroll of brand weapon
 G - a scroll of teleportation
Potions
 b - 3 potions of magic
 c - a potion of cancellation
 e - 5 potions of curing
 g - 2 potions of attraction
 k - a potion of berserk rage
 l - 3 potions of brilliance
 o - a potion of haste
 z - a potion of mutation


   Skills:
 + Level 6.7 Fighting
 - Level 4.0 Armour
 + Level 5.7 Dodging
 - Level 2.0 Stealth
 + Level 5.7 Spellcasting
 + Level 13.3 Conjurations
 - Level 5.0 Translocations
 - Level 2.7(3.7) Air Magic
 - Level 2.0(2.9) Poison Magic
 - Level 3.0 Evocations


You had 7 spell levels left.
You knew the following spells:

 Your Spells              Type           Power      Damage    Failure   Level
a - Magic Dart            Conj           100%       1d8       1%          1
b - Searing Ray           Conj           100%       2d8       1%          2
c - Iskenderun's Mystic   Conj/Tloc      48%        2d11      1%          4
d - Mephitic Cloud        Conj/Pois/Air  37%        N/A       1%          3
e - Fulminant Prism       Conj/Hex       18%        3d10      2%          4

Your spell library contained the following spells:

 Spells                   Type           Power      Damage    Failure   Level
 Dazzling Flash           Conj/Hex       74%        N/A       1%          3
 Swiftness                Air            23%        N/A       2%          3
 Call Imp                 Summ           16%        N/A       4%          2
 Ensorcelled Hibernation  Hex/Ice        12%        N/A       5%          2
 Jinxbite                 Hex            12%        N/A       5%          2
 Passwall                 Tmut/Erth      5%         N/A       5%          2
 Anguish                  Hex/Necr       3%         N/A       32%         4


Dungeon Overview and Level Annotations

Branches:
Dungeon (11/15)            Temple (0/1) D:4            Lair (1/5) D:10
Gauntlet (1/1)
    Orc: D:9-12

Altars:
Ashenzari
Cheibriados
Dithmenos
Nemelex Xobeh
Qazlal
Vehumet
Xom

Shops:
D:9 [

Annotations:
D:1 2 runed translucent doors, exclusion: 2 doors
D:6 Maggie
D:11 Erolcha Gauntlet 11 transporters


Innate Abilities, Weirdness & Mutations

You have large cloven feet.
You are mostly covered in icy blue scales. (AC +3)
Spells you cast may paralyse adjacent enemies.


Message History

The sun demon hits you.
* * * LOW HITPOINT WARNING * * *
You are engulfed in flames.
You resist.
* * * LOW HITPOINT WARNING * * *
You start to feel less resistant.
You feel yourself slow down.
Casting: Searing Ray (safe; 1% risk of failure)
Confirm with . or Enter, or press ? or * to list all spells.
Aiming: Searing Ray (safe; 1% risk of failure)
Press: ? - help, Shift-Dir - straight line, f/p - sun demon
Aim: a sun demon (severely wounded, 79% to hit)
The searing ray hits the sun demon.
The sun demon is severely wounded. (Press . to maintain the ray.) Malevolent energies surge around you.
The searing ray misses the sun demon.
The sun demon hits you.
* * * LOW HITPOINT WARNING * * *
You are engulfed in flames.
You resist.
* * * LOW HITPOINT WARNING * * *
Casting: Searing Ray (safe; 1% risk of failure)
Confirm with . or Enter, or press ? or * to list all spells.
You erupt in a blast of force!
The mystic blast hits the sun demon!
The sun demon is almost dead.
The sun demon is knocked back by the mystic blast.
The sun demon slams into the stone wall!
Malevolent energies surge around you.
Casting: Iskenderun's Mystic Blast (mildly dangerous; 1% risk of failure)
Confirm with . or Enter, or press ? or * to list all spells.
Aiming: Searing Ray (safe; 1% risk of failure)
Press: ? - help, Shift-Dir - straight line, f/p - sun demon
Aim: a sun demon (almost dead, 79% to hit)
The searing ray hits the sun demon but does no damage.
The sun demon is almost dead. (Press . to maintain the ray.) Malevolent energies surge around you.
Your resistance to elements expires.
The searing ray hits the sun demon but does no damage.
The sun demon is almost dead.
The sun demon hits you!
You die...

........#...##..#.#..##≈#..##.##.
.$!©....#...#./#4©.#3)#§#....©)..
#########...#####################
...©#.....≈.....#©...........©#..
#####....§8≈....#######.#######..
.........§≈...........#.#........
#########...###########.#........
..^...D.#...#.........#.#..######
....^P..#...#.#.@3..#.#.#..#8#
.#^.P#.=#...#!.##.##..#.#..###
.P.....=#...#[.##.##..#.#..#
...©^..©#...#©.#.©.#..#©#..###
.......w#...#..##.##..###..#8#
.#P..#^$#...#=.##.##..#....###
P^...P..#...#.#.....#.#....#
..^...^.#...#.........#..###
#########...###########..#8#


You could see a sun demon, a neqoxec and a chaos spawn (wandering).

Vanquished Creatures
  Nergalle (D:10)
  A necromancer (Gauntlet)
  2 black mambas
  Joseph (D:9)
  A rime drake (D:10)
  A hellion (Gauntlet)
  An unseen horror (D:10)
  A komodo dragon (D:10)
  4 polar bears
  A troll (D:10)
  A wyvern (D:9)
  A wraith (D:9)
  13 yaks
  A steam dragon (D:9)
  Edmund (D:6)
  6 water moccasins
  A meliai simulacrum (Gauntlet)
  3 orc warriors
  3 sky beasts
  10 ice beasts
  A black bear (D:5)
  10 wolves
  7 centaurs
  2 kobold brigands
  2 bullfrogs
  A gnoll sergeant (D:11)
  3 scorpions
  10 wights
  A hornet simulacrum (Gauntlet)
  12 killer bees
  5 howler monkeys
  An electric eel (D:8)
  A hound (D:4)
  2 jellies (D:6)
  8 orc priests
  2 sleepcaps
  An iguana (D:6)
  4 orc wizards
  3 centaur simulacra
  A mummy (D:10)
  2 killer bee simulacra (D:8)
  10 gnolls
  8 adders
  4 shadow imps
  10 white imps
  4 howler monkey simulacra (D:8)
  4 ufetubi
  A worm (D:3)
  2 dart slugs
  35 orcs
  8 ball pythons
  6 bats
  9 endoplasms
  5 giant cockroaches
  7 goblins
  5 hobgoblins
  11 jackals
  4 quokkas
  3 frilled lizards
  11 kobolds
  9 rats
289 creatures vanquished.

Vanquished Creatures (others)
  2 fulminant prisms
2 creatures vanquished.

Grand Total: 291 creatures vanquished

Notes
Turn   | Place    | Note
-------+----------+-------------------------------------------
     0 | D:1      | BarneyGumball the Demonspawn Conjurer began the quest for
                  | the Orb.
     0 | D:1      | Reached XP level 1. HP: 13/13 MP: 3/3
   196 | D:1      | Found a large runed translucent door.
   196 | D:1      | Found a large runed translucent door.
   343 | D:1      | Reached skill level 1 in Translocations
   343 | D:1      | Gained mutation: You are partially covered in icy blue
                  | scales. (AC +2) [demonic ancestry]
   343 | D:1      | Reached XP level 2. HP: 19/19 MP: 3/5
   651 | D:1      | Learned a level 2 spell: Searing Ray
   791 | D:1      | Gained mutation: Spells you cast may paralyse adjacent
                  | enemies. [demonic ancestry]
   791 | D:1      | Reached XP level 3. HP: 24/24 MP: 3/6
  1822 | D:2      | Gained mutation: You have large cloven feet. [demonic
                  | ancestry]
  1822 | D:2      | Reached XP level 4. HP: 30/30 MP: 3/7
  2299 | D:2      | Found a faded altar of an unknown god.
  2307 | D:2      | Prayed at the altar of an unknown god.
  2307 | D:2      | Became a worshipper of Ashenzari the Shackled
  2733 | D:3      | Found a radiant altar of Vehumet.
  2786 | D:3      | Reached skill level 5 in Conjurations
  2927 | D:3      | Noticed an ice beast
  2942 | D:3      | Killed an ice beast
  2943 | D:3      | Reached XP level 5. HP: 24/35 MP: 0/8
  3075 | D:3      | Learned a level 4 spell: Iskenderun's Mystic Blast
  3339 | D:3      | Found a shadowy altar of Dithmenos.
  3446 | D:4      | Reached * piety under Ashenzari
  3691 | D:4      | Found a faded altar of an unknown god.
  3691 | D:4      | Found the Hermit's Pendant {Faith Invo=14 Evo=0 MP+5}
  3699 | D:4      | Gained mutation: You are mostly covered in icy blue scales.
                  | (AC +3) [demonic ancestry]
  3699 | D:4      | Reached XP level 6. HP: 24/41 MP: 6/9
  3850 | D:4      | Found a staircase to the Ecumenical Temple.
  4036 | D:5      | Entered Level 5 of the Dungeon
  4220 | D:5      | Reached skill level 6 in Conjurations
  4295 | D:5      | Noticed a water moccasin
  4323 | D:5      | Killed a water moccasin
  4431 | D:5      | Reached XP level 7. HP: 46/46 MP: 7/10
  4723 | D:5      | Reached skill level 5 in Translocations
  4727 | D:5      | Reached skill level 7 in Conjurations
  5416 | D:6      | Noticed Edmund
  5470 | D:6      | Reached skill level 8 in Conjurations
  5550 | D:6      | Found a sparkling altar of Nemelex Xobeh.
  5592 | D:6      | Identified a scroll of acquirement
  5593 | D:6      | Acquired the ring of the Wereyak {rF+ rCorr}
  5647 | D:6      | Noticed Maggie
  5710 | D:6      | Killed Edmund
  5711 | D:6      | Reached XP level 8. HP: 19/52 MP: 1/11
  5981 | D:6      | Reached skill level 9 in Conjurations
  6210 | D:6      | Reached skill level 1 in Fighting
  6210 | D:6      | Reached skill level 1 in Armour
  6524 | D:6      | Identified the cursed +0 short sword "Sorrow of Ashenzari"
                  | {Melee, Elem} (You took it off a kobold on level 1 of the
                  | Dungeon)
  6867 | D:7      | Reached XP level 9. HP: 63/63 MP: 7/14
  7349 | D:8      | Noticed a polar bear
  7360 | D:8      | Killed a polar bear
  7566 | D:8      | Reached ** piety under Ashenzari
  7581 | D:8      | Reached skill level 5 in Fighting
  7601 | D:8      | Reached skill level 1 in Poison Magic
  7601 | D:8      | Reached skill level 1 in Evocations
  7635 | D:8      | Reached skill level 1 in Air Magic
  8286 | D:8      | Learned a level 3 spell: Mephitic Cloud
  8291 | D:8      | Learned a level 4 spell: Fulminant Prism
  8331 | D:8      | Reached XP level 10. HP: 74/74 MP: 11/16
  8422 | D:8      | Reached skill level 10 in Conjurations
  8665 | D:8      | Identified the +7 dagger "Tunediet" {chaos, rPois rN+
                  | Str+4}
  9072 | D:9      | Found Munoc's Antique Armour Boutique.
  9081 | D:9      | Bought a glowing cloak for 180 gold pieces
  9114 | D:9      | Reached skill level 11 in Conjurations
  9192 | D:9      | Found a stormy altar of Qazlal.
  9379 | D:9      | Noticed Joseph
  9649 | D:9      | Killed Joseph
  9650 | D:9      | Reached skill level 12 in Conjurations
  9919 | D:9      | Found a shimmering altar of Xom.
  9920 | D:9      | Found a shimmering altar of Xom.
  9921 | D:9      | Found a shimmering altar of Xom.
  9921 | D:9      | Found a shimmering altar of Xom.
 10007 | D:10     | Entered Level 10 of the Dungeon
 10306 | D:10     | Found a staircase to the Lair.
 10368 | D:10     | Reached XP level 11. HP: 74/79 MP: 13/17
 10735 | D:10     | Found a snail-covered altar of Cheibriados.
 10967 | D:10     | Identified the +1 robe of Boxefrad {rPois rC++ Dex+3}
 11087 | D:11     | Noticed Erolcha
 11123 | Lair:1   | Entered Level 1 of the Lair of Beasts
 11132 | Lair:1   | Noticed Nergalle
 11226 | D:10     | Killed Nergalle
 11227 | D:10     | Reached skill level 13 in Conjurations
 11291 | Lair:1   | Reached skill level 5 in Dodging
 11291 | Lair:1   | Reached skill level 5 in Spellcasting
 11375 | Lair:1   | Found a gate leading to a gauntlet.
 11385 | Gauntlet | Entered a Gauntlet
 11385 | Gauntlet | Noticed a necromancer
 11385 | Gauntlet | Found a transporter.
 11385 | Gauntlet | Found a transporter.
 11400 | Gauntlet | Found a transporter.
 11405 | Gauntlet | Found a transporter.
 11422 | Gauntlet | Found a transporter.
 11436 | Gauntlet | Found a transporter.
 11438 | Gauntlet | Noticed a sun demon
 11452 | Gauntlet | Identified the ring "Vigoimir" {rPois rC- Will+ Int+4
                  | Slay+3}
 11454 | Gauntlet | Found a transporter.
 11524 | Gauntlet | Found a transporter.
 11533 | Gauntlet | Found a transporter.
 11558 | Gauntlet | Found a transporter.
 11563 | Gauntlet | Found a transporter.
 11614 | Gauntlet | Found the ring of the Tortoise {AC+8}
 11616 | Gauntlet | Found a transporter.
 11633 | Gauntlet | Noticed an eight-headed hydra
 11656 | Gauntlet | Found a transporter.
 11663 | Gauntlet | Found a transporter.
 11720 | Gauntlet | Found a transporter.
 11734 | Gauntlet | Found a transporter.
 11870 | Gauntlet | Killed a necromancer
 12157 | Gauntlet | Slain by a sun demon

Illustrated notes

Levels and vault maps discovered:
D:1:      erik_arrival_cave_to_civilisation [erik_arrival_cave_to_temple],
          layout_basic, hex_intersection, minmay_unequal
D:2:      layout_basic, chequers_ecumenical_altar_simple_redux
D:3:      layout_basic, lemuel_round_altar, mainiacjoe_overflow_alcove_1,
          mainiacjoe_overflow_catwalk, nicolae_twisty_statue_hallways
D:4:      layout_cave_pools, minmay_temple_entry_poolview,
          chequers_serial_rivers_small_3, hellmonk_guarded_unrand_hermit
D:5:      layout_layer_cave
D:6:      layout_loops_ring, nemelex_xobeh_ov_fountains_minmay,
          small_statue_intersection, minivault_5, kennysheep_nondescript,
          grunt_potential, uniq_maggie, uniq_edmund
D:7:      layout_loops_ring, hex_large, kennysheep_generic_room_8
D:8:      layout_basic, enter_bailey_2, serial_ice, serial_ice_i, serial_ice_g,
          serial_ice_d, serial_ice_n, serial_ice_o, serial_ice_m, serial_ice_f,
          serial_ice_b, serial_ice_h, serial_ice_e, st_stairs_13
D:9:      layout_basic, overflow_temple_1_default, xom_shifter_show,
          serial_shops, shop, uniq_joseph
D:10:     layout_loops_ring, slow_altar_2, hellmonk_lair_entry_icy
D:11:     layout_small_grid, uniq_erolcha, uniq_josephine, uniq_gastronok
Lair:1:   gammafunk_boulding_lane, layout_gridlike, gauntlet_entry_generic,
          basic_altar, grunt_megastairs_1, uniq_nergalle
Gauntlet: gammafunk_gauntlet_branching [gammafunk_gauntlet_arena_mazey,
          gammafunk_gauntlet_arena_spirals, gammafunk_gauntlet_arena_corners,
          gammafunk_gauntlet_arena_teeth, gammafunk_gauntlet_arena_arrow_garden,
          nicolae_gauntlet_arena_quarters, gammafunk_gauntlet_arena_hedges,
          nicolae_gauntlet_arena_blocks, gauntlet_exit_green]

Skill      XL: |  1  2  3  4  5  6  7  8  9 10 11 |
---------------+----------------------------------+-----
Translocations | 1 2 3 4 5 |  5.0
Conjurations   | 5 6 8 9 12 13 | 13.3
Dodging        | 3 4 5 |  5.7
Fighting       | 3 5 6 |  6.7
Armour         | 2 4 |  4.0
Spellcasting   | 3 4 5 |  5.7
Poison Magic   | 2 |  2.0
Evocations     | 3 |  3.0
Air Magic      | 2 |  2.7
Stealth        | 2 |  2.0

Action                     |  1- 3 |  4- 6 |  7- 9 | 10-12 || total
---------------------------+-------+-------+-------+-------++-------
  Melee: Unarmed           |    12 |       |       |       ||    12
         Short sword       |    25 |     8 |    14 |     2 ||    49
         Kick              |       |     3 |     5 |    20 ||    28
         Punch             |       |     1 |       |     1 ||     2
         Dagger            |       |       |       |    61 ||    61
   Cast: Magic Dart        |    80 |    82 |   120 |    98 ||   380
         Searing Ray       |     3 |    17 |    65 |    72 ||   157
         Iskenderun's Myst |       |       |    22 |    35 ||    57
         Mephitic Cloud    |       |       |       |    10 ||    10
         Fulminant Prism   |       |       |       |     2 ||     2
 Invoke: Curse Item        |       |     2 |     2 |     3 ||     7
         Shatter the Chain |       |     1 |       |     2 ||     3
    Use: Scroll            |       |       |     3 |     1 ||     4
         Potion            |       |       |     3 |     3 ||     6
   Stab: Sleeping          |       |     1 |       |       ||     1
         Paralysed         |       |       |     4 |     5 ||     9
 Armour: Robe              |    21 |     8 |       |    52 ||    81
         Leather armour    |       |     4 |    77 |   107 ||   188
  Dodge: Dodged            |    26 |    13 |    42 |   136 ||   217

Table legend: (Time is in decaauts)
 A = Elapsed time spent in this place.
 B = Non-inter-level travel time spent in this place.
 C = Inter-level travel time spent in this place.
 D = Time resting spent in this place.
 E = Time spent auto-exploring this place.
 F = Levels seen in this place.
 G = Mean time per level.
                   A        B        C        D        E       F      G
               +--------+--------+--------+--------+--------+-----+--------+
         Total |  12131 |  11632 |    499 |   1037 |   7999 |  13 |  933.2 |
       Dungeon |  11297 |  10798 |    499 |    923 |   7880 |  11 | 1027.0 |
          Lair |     82 |     82 |      0 |      2 |      0 |   1 |   82.0 |
      Gauntlet |    751 |    751 |      0 |    112 |    119 |   1 |  751.0 |
               +--------+--------+--------+--------+--------+-----+--------+

Top non-repeatable levels by time:
     D:1: 1477 daAuts
    D:10: 1279 daAuts
     D:5: 1267 daAuts
     D:8: 1254 daAuts
     D:7: 1208 daAuts
     D:6: 1087 daAuts
     D:3: 1016 daAuts
     D:9: 990 daAuts
     D:2: 923 daAuts
     D:4: 772 daAuts
Gauntlet: 751 daAuts
  Lair:1: 82 daAuts
    D:11: 18 daAuts
